 Dungeon Crawl Stone Soup version 0.30-a0-743-gbfdf073431 (webtiles) character file.

Game seed: 11098530277279079369

32108 croobank the Impaler (level 13, 0/79 HPs)
             Began as a Tengu Delver on Feb 8, 2023.
             Was an Initiate of Gozag.
             Slain by a four-headed hydra (9 damage)
             ... on level 2 of the Lair of Beasts.
             The game lasted 01:01:54 (14230 turns).

croobank the Impaler (Tengu Delver)                Turns: 14230, Time: 01:01:54

Health: 0/79       AC:  8    Str: 23    XL:     13   Next: 62%
Magic:  19/21      EV: 19    Int: 20    God:    Gozag
Gold:   3054       SH:  6    Dex: 17    Spells: 17/21 levels left

rFire   . . .      SeeInvis .    a - +2 war axe (flame)
rCold   x . .      Faith    .    I - +0 buckler
rNeg    . . .      Spirit   .    P - +1 leather armour "Nauv" {Rampage rC- Regen+}
rPois   .          Reflect  .    b - +2 hat
rElec   +          Harm     .    J - +1 cloak
rCorr   .          Rampage  +    (no gloves)
Will    .....                    (boots unavailable)
Stlth   ++++                     i - amulet of regeneration
HPRegen 1.93/turn                x - +6 ring of strength
MPRegen 0.17/turn                f - ring "Imehah" {rElec Str+4 Int+6}

@: wereblooded, flying quickly and evasively, quick
A: beak, talons 3, nimble flight
a: Renounce Religion, Potion Petition, Call Merchant, Bribe Branch


You were on level 2 of the Lair of Beasts.
You worshipped Gozag.
Gozag was most pleased with you.
You visited 3 branches of the dungeon, and saw 15 of its levels.
You also visited: Bailey.

You collected 3152 gold pieces.
You paid 98 gold pieces to Gozag.

Inventory:

Hand Weapons
 a - a +2 war axe of flaming (weapon)
 n - a +2 morningstar of freezing
 w - a +2 dagger of venom
 K - a +4 quarterstaff of protection
 Q - a +3 dagger of distortion
 T - the +11 halberd of Zin's Delight {freeze, Str+2 Dex+3}
   (You found it on level 9 of the Dungeon)

   Str:       It affects your strength (+2).
   Dex:       It affects your dexterity (+3).
 U - the +2 halberd of Irritation {vamp, rElec rF- Will+++ Dex-5}
   (You found it on level 9 of the Dungeon)

   Dex:       It affects your dexterity (-5).
   rF:        It makes you vulnerable to fire.
   rElec:     It insulates you from electricity.
   Will:      It greatly increases your willpower.
 X - the +2 falchion of Foereunu {venom, Fly rN+ rCorr Stlth+}
   (You found it on level 1 of the Lair of Beasts)

   rN:        It protects you from negative energy.
   Fly:       It grants you flight.
   rCorr:     It protects you from acid and corrosion.
   Stlth:     It makes you more stealthy.
Missiles
 s - 5 poisoned darts
 N - 3 javelins (quivered)
Armour
 b - a +2 hat (worn)
 j - a +0 robe of fire resistance
 o - a +1 plate armour of fire resistance
 I - a +0 buckler (worn)
 J - a +1 cloak (worn)
 P - the +1 leather armour "Nauv" (worn) {Rampage rC- Regen+}
   (You found it on level 7 of the Dungeon)

   rC:        It makes you vulnerable to cold.
   Regen:     It increases your rate of health regeneration.
   Rampage:   It bestows one free step when moving towards enemies.
Jewellery
 f - the ring "Imehah" (right hand) {rElec Str+4 Int+6}
   (You acquired it in a bailey)

   [ring of intelligence]

   Str:       It affects your strength (+4).
   Int:       It affects your intelligence (+6).
   rElec:     It insulates you from electricity.
 h - a ring of see invisible
 i - an amulet of regeneration (around neck)
 x - a +6 ring of strength (left hand)
 y - a ring of fire
 B - an amulet of the acrobat
 Z - a ring of protection from fire
Wands
 g - a wand of digging (12)
 k - a wand of mindburst (2)
 v - a wand of flame (9)
 O - a wand of iceblast (12)
 S - a wand of light (5)
Scrolls
 c - 3 scrolls of fog
 d - 3 scrolls of magic mapping
 e - 2 scrolls of blinking
 q - 2 scrolls of amnesia
 t - 5 scrolls of teleportation
 V - a scroll of enchant weapon
Potions
 l - 8 potions of heal wounds
 m - a potion of resistance
 p - a potion of mutation
 r - 8 potions of curing
 u - 2 potions of lignification
 z - 2 potions of might
 E - a potion of berserk rage
 F - a potion of attraction
 G - a potion of invisibility
 R - 2 potions of brilliance
 W - a potion of haste
Miscellaneous
 D - a piece from Xom's chessboard (15/15)


   Skills:
 + Level 8.7 Fighting
 - Level 8.1(12.6) Axes
 - Level 15.2(16.0) Polearms
 + Level 9.1 Dodging
 + Level 10.2 Stealth
 + Level 5.5 Shields
 + Level 4.8 Spellcasting
 + Level 4.2 Transmutations


You had 17 spell levels left.
You knew the following spells:

 Your Spells              Type           Power      Damage    Failure   Level
a - Beastly Appendage     Tmut           42%        N/A       3%          1
b - Wereblood             Tmut           21%        N/A       4%          2
c - Apportation           Tloc           8%         N/A       17%         1

Your spell library contained the following spells:

 Spells                   Type           Power      Damage    Failure   Level
 Necrotise                Necr           16%        1d4       17%         1
 Summon Small Mammal      Summ           16%        N/A       17%         1
 Spider Form              Tmut/Pois      13%        N/A       22%         3
 Borgnjor's Vile Clutch   Necr/Erth      2%         N/A       99%         5
 Death Channel            Necr           2%         N/A       100%        6
 Animate Dead             Necr           Unusable   N/A       N/A         4

Dungeon Overview and Level Annotations

Branches:
Dungeon (12/15)            Temple (1/1) D:6            Lair (2/5) D:11
 Spider (0/4) Lair:2          Orc (0/2) D:11         Bailey (visited)
  Swamp: Lair:2-3    Shoals: Lair:2-3

Altars:
Ashenzari
Cheibriados
Dithmenos
Elyvilon
Fedhas
Gozag
Hepliaklqana
Kikubaaqudgha
Makhleb
Nemelex Xobeh
Okawaru
Qazlal
Ru
Sif Muna
Trog
Uskayaw
Vehumet
Wu Jian
Xom
Zin
The Shining One

Shops:
D:2 [   D:7 [   D:9 [[

Annotations:
D:6 3 runed translucent doors, GiantSquids's ghost, novice HOMo; b0rk's ghost, novice HOFi; cheesebisquit's ghost, novice GrEE; jimonade's ghost, novice DjFi; ragingrage's ghost, novice TrCK
D:8 Joseph


Innate Abilities, Weirdness & Mutations

You have a beak for a mouth.
You have claws for feet.
Your magical nature lets you fly swiftly and evasively.


Message History

You peck the five-headed hydra.
The five-headed hydra is almost dead.
The five-headed hydra bites you! The five-headed hydra misses you.
You block the five-headed hydra's attack.
The five-headed hydra bites you! The five-headed hydra misses you.
You are too injured to fight recklessly!
You barely miss the five-headed hydra. You peck the five-headed hydra.
The five-headed hydra is almost dead.
The five-headed hydra bites you. The five-headed hydra bites you!
* * * LOW HITPOINT WARNING * * *
You block the five-headed hydra's attack. x3
You hit the five-headed hydra but do no damage.
You claw the five-headed hydra.
The five-headed hydra is almost dead.
You block the five-headed hydra's attack.
The five-headed hydra bites you but does no damage. x2
The five-headed hydra bites you.
* * * LOW HITPOINT WARNING * * *
The five-headed hydra completely misses you.
Casting: Wereblood (safe; 4% risk of failure)
Confirm with . or Enter, or press ? or * to list all spells.
Your blood is infused with primal strength.
Throw: 4 javelins
Press: ? - help, Q - select action, (/) - cycle Shift-Dir - straight line, f - five-headed hydra
Aim: a five-headed hydra (severely wounded, 81% to hit)
You throw a javelin.
The javelin completely misses the five-headed hydra.
The five-headed hydra bites you! x3
* * * LOW HITPOINT WARNING * * *
The five-headed hydra bites you!
* * * LOW HITPOINT WARNING * * *
The five-headed hydra closely misses you.
You chop one of the five-headed hydra's heads off!
The flame cauterises the wound!
You hit the four-headed hydra. You burn the four-headed hydra.
You claw the four-headed hydra! You peck the four-headed hydra.
The four-headed hydra is almost dead.
The four-headed hydra misses you. The four-headed hydra bites you!
You die...
Your body crumbles into a pile of gold.

.............................)#
..............................#.
.................................
..............................#..
..............................#..
.........................(....# .
..............................# .
..............................#.#
................@D.....(.........
###.#####P###.###...#.#.#####.###
# ### ####.## ######### ### ###


You could see a four-headed hydra.

Vanquished Creatures
  2 catoblepae (Lair:2)
  7 two-headed ogres
  A death yak (Lair:2)
  Amaemon (D:10)
  A deep elf zephyrmancer (Bailey)
  An orc knight (Bailey)
  A deep elf pyromancer (D:12)
  An ugly thing (D:12)
  A manticore (D:12)
  A cyclops (D:12)
  5 elephants (Lair:2)
  A black mamba (Lair:2)
  3 gargoyles
  An unseen horror (D:12)
  7 cane toads
  An orange demon (D:10)
  Psyche (D:7)
  7 komodo dragons
  6 trolls
  2 polar bears (Lair:2)
  3 hornets
  Prince Ribbit (D:5)
  2 blink frogs
  4 shadows
  2 wraiths
  13 yaks
  6 wyverns
  Eustachio (D:4)
  2 basilisks
  A human (D:7)
  4 steam dragons
  4 hogs (D:7)
  A redback (Lair:2)
  Menkaure (D:4)
  4 vampire mosquitoes (D:12)
  3 acid dragons (D:9)
  Duvessa (D:4)
  9 water moccasins
  10 orc warriors
  3 black bears
  An ogre (D:6)
  9 centaurs
  7 wolves (Lair:2)
  2 phantoms
  6 bullfrogs
  A gnoll sergeant (D:9)
  7 scorpions
  4 wights
  5 troll zombies (D:11)
  Dowan (D:4)
  10 killer bees
  9 howler monkeys
  3 jellies
  A hound (D:4)
  Crazy Yiuf (D:6)
  5 orc priests
  A gnoll bouda (D:7)
  4 iguanas
  Terence (D:2)
  15 orc wizards
  3 ogre zombies (D:11)
  9 gnolls
  4 adders
  A shadow imp (D:8)
  2 white imps
  9 worms
  A dart slug (D:2)
  45 orcs
  5 endoplasms
  A giant cockroach (D:2)
  8 hobgoblins
  9 jackals
  4 quokkas
  9 ball pythons
  10 bats
  6 frilled lizards
  8 goblins
  2 goblin skeletons (D:11)
  4 goblin zombies (D:11)
  2 hobgoblin skeletons (D:11)
  2 hobgoblin zombies (D:11)
  3 kobolds (D:2)
  An orc skeleton (D:11)
  14 orc zombies (D:11)
  6 rats
387 creatures vanquished.

Vanquished Creatures (others)
  4 fungi (Lair:2)
  39 plants
43 creatures vanquished.

Grand Total: 430 creatures vanquished

Notes
Turn   | Place    | Note
-------+----------+-------------------------------------------
     0 | D:5      | croobank the Tengu Delver began the quest for the Orb.
     0 | D:5      | Reached XP level 1. HP: 14/14 MP: 2/2
    10 | D:5      | Noticed a scorpion
    42 | D:6      | Noticed a scorpion
   113 | D:4      | Noticed Menkaure
   123 | D:4      | Killed Menkaure
   124 | D:4      | Reached XP level 2. HP: 20/20 MP: 3/3
   124 | D:4      | Reached XP level 3. HP: 24/24 MP: 4/4
   124 | D:4      | Reached XP level 4. HP: 29/29 MP: 5/5
   124 | D:4      | Gained mutation: Your magical nature lets you fly swiftly
                  | and evasively. [Tengu growth]
   124 | D:4      | Reached XP level 5. HP: 33/33 MP: 6/6
   129 | D:4      | Learned a level 1 spell: Beastly Appendage
   210 | D:4      | Noticed Dowan
   304 | D:2      | Noticed Terence
  1336 | D:2      | Found Ruocutow's Antique Armour Boutique.
  1596 | D:3      | Found a white marble altar of Elyvilon.
  1974 | D:2      | Killed Terence
  1975 | D:2      | Reached XP level 6. HP: 31/38 MP: 7/7
  2379 | D:3      | Found a glowing silver altar of Zin.
  2844 | D:4      | Noticed Eustachio
  2858 | D:4      | Killed Eustachio
  2859 | D:4      | Reached XP level 7. HP: 44/44 MP: 8/8
  2965 | D:4      | Noticed Duvessa
  2985 | D:4      | Killed Duvessa
  2988 | D:4      | Killed Dowan
  3350 | D:5      | Reached skill level 5 in Fighting
  3363 | D:5      | Reached skill level 5 in Axes
  3363 | D:5      | Reached skill level 5 in Dodging
  3587 | D:5      | Reached XP level 8. HP: 42/49 MP: 9/9
  3883 | D:5      | Found a shimmering blue altar of Sif Muna.
  3929 | D:5      | Noticed Prince Ribbit
  3944 | D:5      | Killed Prince Ribbit
  4373 | D:7      | Identified the +1 leather armour "Nauv" {Rampage rC-
                  | Regen+}
  4415 | D:7      | Noticed a wyvern
  4443 | D:7      | Killed a wyvern
  4444 | D:7      | Reached XP level 9. HP: 44/55 MP: 10/10
  4731 | D:6      | Found a runed translucent gate.
  4731 | D:6      | Found a runed translucent gate.
  4732 | D:6      | Noticed GiantSquids's ghost (novice HOMo)
  4732 | D:6      | Noticed b0rk's ghost (novice HOFi)
  4734 | D:6      | Found a runed translucent gate.
  4736 | D:6      | Noticed jimonade's ghost (novice DjFi)
  4737 | D:6      | Noticed cheesebisquit's ghost (novice GrEE)
  4749 | D:6      | Noticed ragingrage's ghost (novice TrCK)
  4924 | D:6      | Found a runed translucent door.
  4926 | D:6      | Noticed Crazy Yiuf
  5003 | D:6      | Found a staircase to the Ecumenical Temple.
  5020 | Temple   | Entered the Ecumenical Temple
  5027 | Temple   | Became a worshipper of Gozag Ym Sagoz the Greedy
  5267 | D:6      | Killed Crazy Yiuf
  5529 | D:7      | Reached skill level 1 in Shields
  6244 | D:7      | Learned a level 2 spell: Wereblood
  6285 | D:7      | Reached XP level 10. HP: 36/63 MP: 6/11
  6494 | D:7      | Reached skill level 1 in Spellcasting
  6494 | D:7      | Reached skill level 1 in Transmutations
  6518 | D:7      | Found Tuwil's Armour Emporium.
  6574 | D:8      | Noticed Psyche
  7041 | D:7      | Killed Psyche
  7492 | D:8      | Noticed Joseph
  7504 | D:9      | Found Ibi Ots's Antique Armour Emporium.
  7513 | D:10     | Entered Level 10 of the Dungeon
  7568 | D:9      | Found a flagged portal.
  7574 | D:9      | Identified the +2 halberd of Irritation {vamp, rElec rF-
                  | Will+++ Dex-5}
  7576 | D:9      | Identified the +11 halberd of Zin's Delight {freeze, Str+2
                  | Dex+3}
  7585 | Bailey   | Entered a bailey
  7596 | Bailey   | Learned a level 1 spell: Apportation
  7649 | Bailey   | Noticed an orc knight
  7677 | Bailey   | Killed an orc knight
  7842 | Bailey   | Found a large runed translucent door.
  7842 | Bailey   | Found a large runed translucent door.
  7843 | Bailey   | Noticed a deep elf zephyrmancer
  7846 | Bailey   | Identified a scroll of acquirement
  7847 | Bailey   | Acquired the ring "Imehah" {rElec Str+4 Int+6}
  7922 | Bailey   | Killed a deep elf zephyrmancer
  8029 | D:9      | Found Fephi's Antique Armour Shop.
  8145 | D:9      | Reached skill level 2 in Polearms
  8205 | D:9      | Found a hide-covered altar of Uskayaw.
  8205 | D:9      | Found an iron altar of Okawaru.
  8205 | D:9      | Found a stormy altar of Qazlal.
  8216 | D:9      | Reached skill level 3 in Polearms
  8297 | D:9      | Reached skill level 4 in Polearms
  8344 | D:9      | Reached XP level 11. HP: 68/68 MP: 16/16
  8372 | D:9      | Reached skill level 5 in Polearms
  8385 | D:9      | Noticed a two-headed ogre
  8393 | D:9      | Reached skill level 6 in Polearms
  8395 | D:9      | Killed a two-headed ogre
  8407 | D:10     | Reached skill level 7 in Polearms
  8686 | D:9      | Reached skill level 8 in Polearms
  8901 | D:9      | Noticed a two-headed ogre
  8910 | D:9      | Killed a two-headed ogre
  8911 | D:9      | Reached skill level 9 in Polearms
  9381 | D:10     | Reached skill level 10 in Polearms
  9432 | D:10     | Noticed a two-headed ogre
  9478 | D:10     | Killed a two-headed ogre
  9802 | D:11     | Reached skill level 11 in Polearms
  9928 | D:11     | Found a staircase to the Orcish Mines.
  9953 | D:11     | Reached XP level 12. HP: 71/73 MP: 17/17
  9987 | D:11     | Noticed a two-headed ogre
 10078 | D:11     | Killed a two-headed ogre
 10079 | D:11     | Reached skill level 12 in Polearms
 10310 | D:11     | Noticed a two-headed ogre
 10316 | D:11     | Killed a two-headed ogre
 10359 | D:11     | Noticed a two-headed ogre
 10368 | D:11     | Killed a two-headed ogre
 10369 | D:11     | Reached skill level 13 in Polearms
 10379 | D:11     | Found a staircase to the Lair.
 10874 | D:12     | Noticed a two-headed ogre
 10882 | D:12     | Killed a two-headed ogre
 10883 | D:12     | Reached skill level 14 in Polearms
 11617 | D:10     | Noticed Amaemon
 11639 | D:10     | Killed Amaemon
 11640 | D:10     | Reached skill level 15 in Polearms
 11778 | Lair:1   | Entered Level 1 of the Lair of Beasts
 12143 | Lair:1   | Identified the +2 falchion of Foereunu {venom, Fly rN+
                  | rCorr Stlth+}
 12149 | Lair:1   | Reached XP level 13. HP: 78/78 MP: 19/19
 13282 | Lair:2   | Found a hole to the Spider Nest.
 13425 | Lair:2   | Reached skill level 5 in Shields
 13439 | Lair:2   | Reached skill level 10 in Stealth
 14230 | Lair:2   | Slain by a four-headed hydra

Illustrated notes

Levels and vault maps discovered:
D:1:      minmay_arrival_five_plusses, layout_basic
D:2:      layout_loops_ring, serial_shops, shop_statue, hangedman_decor_points,
          uniq_terence
D:3:      layout_basic, nicolae_overflow_crystal_walls,
          mainiacjoe_overflow_cross_hatched
D:4:      layout_basic, uniq_eustachio, uniq_menkaure, uniq_duvessa
D:5:      layout_gridville, lemuel_blue_sif_altar, kennysheep_cross_room,
          chequers_serial_rivers_large_a, nicolae_wormholes, uniq_prince_ribbit1
D:6:      layout_basic, minmay_temple_entry_poolview, gammafunk_ghost_cemetery,
          eino_curves_03, uniq_crazy_yiuf_cottage
D:7:      layout_loops_ring, serial_shops, nicolae_lakefront_shop,
          grunt_livestock
D:8:      layout_cave_pools, lemuel_mausoleum_altar_yredelemnul, serial_shops,
          nicolae_shop_statue_plus, chequers_serial_rivers_small_b,
          minmay_misc_feat_more_columns, uniq_joseph, uniq_erica, uniq_psyche
D:9:      layout_gridville, gammafunk_temple_overflow_claw, serial_shops,
          nicolae_stop_n_shop_1, enter_bailey_2, minivault_25,
          minmay_shop_grid_forest, minmay_quadrilaterals
D:10:     layout_basic, uniq_amaemon
D:11:     layout_gridville, david_lair_shrubbed, zombieorc2_lemuel
D:12:     layout_grid_maze
Temple:   nicolae_temple_no_exploring_needed
Lair:1:   layout_cave_pods, minmay_shattered_shrine
Lair:2:   nzn_winding_woodlands_cross [nzn_winding_woodlands_5x15_concentric,
          nzn_winding_woodlands_5x15_pathside_ponds,
          nzn_winding_woodlands_5x15_default, nzn_winding_woodlands_5x15_eye,
          nzn_winding_woodlands_15x15_killbox], layout_regular_city,
          spider_nest_entry_webs

Skill      XL: |  1  2  3  4  5  6  7  8  9 10 11 12 13 |
---------------+----------------------------------------+-----
Axes           | 3 4 5 6 7 8 |  8.1
Dodging        | 3 4 5 6 7 8 9 |  9.1
Fighting       | 4 5 6 7 8 |  8.7
Stealth        | 6 7 8 9 10 | 10.2
Shields        | 3 4 5 |  5.5
Spellcasting   | 3 4 |  4.8
Transmutations | 2 3 4 |  4.2
Polearms       | 4 11 15 | 15.2

Action                     |  1- 3 |  4- 6 |  7- 9 | 10-12 | 13-15 || total
---------------------------+-------+-------+-------+-------+-------++-------
  Melee: Hand axe          |     5 |   173 |   111 |       |       ||   289
         Kick              |     4 |    46 |   136 |   141 |    45 ||   372
         Peck              |     3 |    23 |    73 |    82 |    35 ||   216
         Unarmed           |       |     3 |       |     3 |       ||     6
         Punch             |       |     4 |     3 |       |       ||     7
         Dagger            |       |       |   217 |   146 |       ||   363
         Halberd           |       |       |       |   379 |   134 ||   513
         War axe           |       |       |       |       |     6 ||     6
  Throw: Throwing net      |       |     1 |       |       |       ||     1
         Javelin           |       |     5 |    71 |    30 |     1 ||   107
         Dart              |       |     2 |    21 |     4 |       ||    27
   Cast: Wereblood         |       |       |     1 |     7 |     2 ||    10
  Evoke: Wand              |     1 |     6 |    12 |     6 |       ||    25
    Use: Scroll            |       |     2 |       |    19 |     6 ||    27
         Potion            |       |     1 |     1 |     1 |       ||     3
   Stab: Paralysed         |     5 |     7 |    12 |       |       ||    24
         Sleeping          |       |    17 |     7 |    16 |    12 ||    52
         Invisible         |       |       |     3 |     1 |       ||     4
         Distracted        |       |       |     1 |     3 |     2 ||     6
 Armour: Leather armour    |       |    24 |    14 |    24 |    15 ||    77
         Steam dragon scal |       |       |    41 |    31 |       ||    72
  Dodge: Dodged            |       |   108 |   303 |   427 |    72 ||   910
  Block: Buckler           |       |       |    44 |    42 |     6 ||    92

Table legend: (Time is in decaauts)
 A = Elapsed time spent in this place.
 B = Non-inter-level travel time spent in this place.
 C = Inter-level travel time spent in this place.
 D = Time resting spent in this place.
 E = Time spent auto-exploring this place.
 F = Levels seen in this place.
 G = Mean time per level.
                   A        B        C        D        E       F      G
               +--------+--------+--------+--------+--------+-----+--------+
         Total |  13229 |  12080 |   1149 |   1636 |   6601 |  16 |  826.8 |
       Dungeon |  10870 |   9902 |    968 |   1402 |   5276 |  12 |  905.8 |
        Temple |     13 |      7 |      6 |      0 |      0 |   1 |   13.0 |
          Lair |   1955 |   1781 |    174 |    234 |   1181 |   2 |  977.5 |
        Bailey |    389 |    389 |      0 |      0 |    144 |   1 |  389.0 |
               +--------+--------+--------+--------+--------+-----+--------+

Top non-repeatable levels by time:
     D:7: 1840 daAuts
  Lair:1: 1137 daAuts
    D:11: 1126 daAuts
    D:10: 983 daAuts
     D:6: 972 daAuts
     D:5: 911 daAuts
     D:9: 907 daAuts
     D:2: 864 daAuts
    D:12: 822 daAuts
  Lair:2: 818 daAuts
     D:4: 746 daAuts
     D:3: 727 daAuts
     D:1: 622 daAuts
  Bailey: 389 daAuts
     D:8: 347 daAuts
